TOP OF THE 1ST |
Pure Michigan Great Lakers batting - Pitching for Brinkley Belugas : LHP Rodney Spurr
|
Pitching: LHP Rodney Spurr
|
|
Batting: RHB George St. Clair
|
0-0: Foul Ball, location: 2F 0-1: Foul Ball, location: 2F 0-2: Ball 1-2: Foul Ball, location: 2F 1-2: SINGLE (Line Drive, 3D)
|
Batting: RHB Steve Hilburn
|
0-0: Ball 1-0: Called Strike 1-1: Foul Ball, location: 2F 1-2: Fly out, F8 (Flyball, 8RM)
|
Batting: RHB Zong-yuan Fung
|
0-0: Called Strike 0-1: Called Strike 0-2: Strikes out swinging
|
Batting: RHB Martín Alejadre
|
0-0: Ball Pickoff Throw to First - Out!
|
Top of the 1st over - 0 runs, 1 hit, 0 errors, 0 left on base; Pure Michigan 0 - Brinkley 0 |
BOTTOM OF THE 1ST |
Brinkley Belugas batting - Pitching for Pure Michigan Great Lakers : RHP José Juárez
|
Pitching: RHP José Juárez
|
|
Batting: RHB Danilo Mosca
|
0-0: Foul Ball, location: 2F 0-1: Ball 1-1: Ground out U3 (Groundball, 3)
|
Batting: LHB Marcos Deleón
|
0-0: Ball 1-0: Called Strike 1-1: Ball 2-1: Ball 3-1: Called Strike 3-2: Ground out 4-3 (Groundball, 4M)
|
Batting: LHB Víctor Fortis
|
0-0: Ball 1-0: Ball 2-0: SINGLE (Flyball, 9LS)
|
Batting: RHB Rubén Campos
|
0-0: Ball Víctor Fortis steals 2nd base 1-0: Foul Ball, location: 2F 1-1: SINGLE (Line Drive, 7LS) Víctor Fortis to third Runner from 3rd tries for Home, SAFE, no throw
|
Batting: RHB Wu-shiun Wang
|
0-0: Ball Rubén Campos steals 2nd base 1-0: Called Strike 1-1: Ground out 4-3 (Groundball, 4D)
|
Bottom of the 1st over - 1 run, 2 hits, 0 errors, 1 left on base; Pure Michigan 0 - Brinkley 1 |
TOP OF THE 2ND |
Pure Michigan Great Lakers batting - Pitching for Brinkley Belugas : LHP Rodney Spurr
|
Batting: RHB Martín Alejadre
|
0-0: Foul Ball, location: 2F 0-1: Ball 1-1: Ball 2-1: Ground out 6-3 (Groundball, 6S)
|
Batting: SHB Ryan Forrest
|
0-0: Called Strike 0-1: Ball 1-1: Ball 2-1: Foul Ball, location: 2F 2-2: Foul Ball, location: 2F 2-2: Fly out, F9 (Flyball, 89D)
|
Batting: RHB Mike Taylor
|
0-0: Ball 1-0: SINGLE (Groundball, 4MD)
|
Batting: RHB Jean Chamissa
|
0-0: Called Strike 0-1: Ball 1-1: Swinging Strike 1-2: Strikes out swinging
|
Top of the 2nd over - 0 runs, 1 hit, 0 errors, 1 left on base; Pure Michigan 0 - Brinkley 1 |
BOTTOM OF THE 2ND |
Brinkley Belugas batting - Pitching for Pure Michigan Great Lakers : RHP José Juárez
|
Batting: RHB Leo Cadden
|
0-0: Ball 1-0: Ball 2-0: Foul Ball, location: 2F 2-1: Ground out 5-3 (Groundball, 56S)
|
Batting: RHB Brandon Cole
|
0-0: Called Strike 0-1: Ball 1-1: Fly out, F7 (Flyball, 78S)
|
Batting: RHB Apu Nahasapeemapetilon
|
0-0: Called Strike 0-1: Foul Ball, location: 2F 0-2: Ball 1-2: Ground out 1-3 (Groundball, 13S)
|
Bottom of the 2nd over - 0 runs, 0 hits, 0 errors, 0 left on base; Pure Michigan 0 - Brinkley 1 |
TOP OF THE 3RD |
Pure Michigan Great Lakers batting - Pitching for Brinkley Belugas : LHP Rodney Spurr
|
Batting: RHB John Thompson
|
0-0: Ball 1-0: Ball 2-0: Ball 3-0: Base on Balls
|
Batting: LHB Cisco Padilla
|
0-0: Ball 1-0: Called Strike 1-1: Ball 2-1: Swinging Strike 2-2: Strikes out looking
|
Batting: RHB George St. Clair
|
0-0: Ball 1-0: Called Strike 1-1: Foul Ball, location: 2F 1-2: Foul Ball, location: 2F 1-2: Foul Ball, location: 2F 1-2: Strikes out looking
|
Batting: RHB Steve Hilburn
|
0-0: Called Strike 0-1: SINGLE (Line Drive, 3D) John Thompson to second
|
Batting: RHB Zong-yuan Fung
|
0-0: Called Strike 0-1: Ball 1-1: 3-RUN HOME RUN (Line Drive, 78XD), Distance : 425 ft
|
Batting: RHB Martín Alejadre
|
0-0: Ball 1-0: Ball 2-0: Called Strike 2-1: Ground out 5-3 (Groundball, 56)
|
Top of the 3rd over - 3 runs, 2 hits, 0 errors, 0 left on base; Pure Michigan 3 - Brinkley 1 |
BOTTOM OF THE 3RD |
Brinkley Belugas batting - Pitching for Pure Michigan Great Lakers : RHP José Juárez
|
Batting: RHB Reggie Kahn
|
0-0: SINGLE (Groundball, 56D)
|
Batting: RHB Danilo Mosca
|
0-0: Ball 1-0: Ball 2-0: Swinging Strike 2-1: Swinging Strike 2-2: Foul Ball, location: 2F 2-2: Ball 3-2: Base on Balls Reggie Kahn to second
|
Batting: LHB Marcos Deleón
|
0-0: Ball 1-0: Ball 2-0: Ball 3-0: Called Strike 3-1: Base on Balls Reggie Kahn to third Danilo Mosca to second
|
Batting: LHB Víctor Fortis
|
0-0: Ball 1-0: Foul Ball, location: 2F 1-1: Ball 2-1: Foul Ball, location: 2F 2-2: Ball 3-2: Base on Balls Reggie Kahn scores Danilo Mosca to third Marcos Deleón to second
|
Batting: RHB Rubén Campos
|
0-0: Called Strike 0-1: Foul Ball, location: 2F 0-2: Ball 1-2: Ball 2-2: Strikes out swinging
|
Batting: RHB Wu-shiun Wang
|
0-0: Called Strike 0-1: Called Strike 0-2: Ball 1-2: Foul Ball, location: 2F 1-2: Ball 2-2: Fly out, F9 (Flyball, 89S) Runner from 3rd tags up, SCORES, no throw
|
Batting: RHB Leo Cadden
|
0-0: Ball 1-0: Called Strike 1-1: Foul Ball, location: 2F 1-2: Foul Ball, location: 2F 1-2: Ground out 5-3 (Groundball, 56S)
|
Bottom of the 3rd over - 2 runs, 1 hit, 0 errors, 2 left on base; Pure Michigan 3 - Brinkley 3 |
TOP OF THE 4TH |
Pure Michigan Great Lakers batting - Pitching for Brinkley Belugas : LHP Rodney Spurr
|
Batting: SHB Ryan Forrest
|
0-0: Foul Ball, location: 2F 0-1: Swinging Strike 0-2: Ball 1-2: Ground out U3 (Groundball, 2R)
|
Batting: RHB Mike Taylor
|
0-0: Called Strike 0-1: SINGLE (Groundball, 5D)
|
Batting: RHB Jean Chamissa
|
0-0: Ground out U3 (Groundball, 34S) Mike Taylor to second
|
Batting: RHB John Thompson
|
0-0: Intentional Walk
|
Batting: LHB Cisco Padilla
|
0-0: Ball 1-0: Ball 2-0: Called Strike 2-1: Foul Ball, location: 2F 2-2: Foul Ball, location: 2F 2-2: Foul Ball, location: 2F 2-2: Ball 3-2: Fly out, F7 (Flyball, 7)
|
Top of the 4th over - 0 runs, 1 hit, 0 errors, 2 left on base; Pure Michigan 3 - Brinkley 3 |
BOTTOM OF THE 4TH |
Brinkley Belugas batting - Pitching for Pure Michigan Great Lakers : RHP José Juárez
|
Batting: RHB Brandon Cole
|
0-0: Ball 1-0: Called Strike 1-1: Called Strike 1-2: Fly out, F4 (Line Drive, 4)
|
Batting: RHB Apu Nahasapeemapetilon
|
0-0: Ball 1-0: SINGLE (Flyball, 78S)
|
Batting: RHB Reggie Kahn
|
0-0: Called Strike 0-1: Foul Ball, location: 2F 0-2: Ball 1-2: Foul Ball, location: 2F 1-2: Foul Ball, location: 2F 1-2: Foul Ball, location: 2F 1-2: Ball 2-2: Foul Ball, location: 2F 2-2: Ball 3-2: Base on Balls Apu Nahasapeemapetilon to second
|
Batting: RHB Danilo Mosca
|
0-0: Ball 1-0: Called Strike 1-1: Ball 2-1: 3-RUN HOME RUN (Flyball, 78XD), Distance : 408 ft
|
Batting: LHB Marcos Deleón
|
0-0: Ball 1-0: Ball 2-0: Ball 3-0: Called Strike 3-1: Base on Balls
|
Batting: LHB Víctor Fortis
|
0-0: Swinging Strike 0-1: Foul Ball, location: 2F 0-2: Ball 1-2: Strikes out swinging
|
Batting: RHB Rubén Campos
|
0-0: Ball Marcos Deleón is caught stealing 2nd base
|
Bottom of the 4th over - 3 runs, 2 hits, 0 errors, 0 left on base; Pure Michigan 3 - Brinkley 6 |
TOP OF THE 5TH |
Pure Michigan Great Lakers batting - Pitching for Brinkley Belugas : LHP Rodney Spurr
|
Batting: RHB George St. Clair
|
0-0: Ball 1-0: Called Strike 1-1: Ball 2-1: Ball 3-1: Called Strike 3-2: Base on Balls
|
Batting: RHB Steve Hilburn
|
0-0: Called Strike 0-1: Ball 1-1: Ground out 5-3 (Groundball, 56S) George St. Clair to second
|
Batting: RHB Zong-yuan Fung
|
0-0: Called Strike 0-1: Ball 1-1: Foul Ball, location: 2F 1-2: Ball 2-2: Foul Ball, location: 2F 2-2: SINGLE (Flyball, 9S) George St. Clair to third Runner from 3rd tries for Home, SAFE, throw made home
|
Batting: RHB Martín Alejadre
|
0-0: Ball 1-0: Called Strike 1-1: Ball 2-1: Ball 3-1: Called Strike 3-2: Grounds into double play, 5-4-3 (Groundball, 56)
|
Top of the 5th over - 1 run, 1 hit, 0 errors, 0 left on base; Pure Michigan 4 - Brinkley 6 |
BOTTOM OF THE 5TH |
Brinkley Belugas batting - Pitching for Pure Michigan Great Lakers : RHP José Juárez
|
Batting: RHB Rubén Campos
|
0-0: Ball 1-0: Ball 2-0: Fly out, F4 (Line Drive, 4)
|
Batting: RHB Wu-shiun Wang
|
0-0: Ball 1-0: Called Strike 1-1: Ball 2-1: Ball 3-1: Base on Balls
|
Batting: RHB Leo Cadden
|
0-0: Ball 1-0: Ball 2-0: Ball 3-0: Called Strike 3-1: Foul Ball, location: 2F 3-2: Base on Balls Wu-shiun Wang to second
|
Batting: RHB Brandon Cole
|
0-0: Called Strike 0-1: Ball 1-1: Ball 2-1: Ball Wu-shiun Wang is caught stealing 3rd base 3-1: Foul Ball, location: 2F 3-2: Foul Ball, location: 2F 3-2: Fly out, F7 (Flyball, 7)
|
Bottom of the 5th over - 0 runs, 0 hits, 0 errors, 1 left on base; Pure Michigan 4 - Brinkley 6 |
TOP OF THE 6TH |
Pure Michigan Great Lakers batting - Pitching for Brinkley Belugas : LHP Rodney Spurr
|
Batting: SHB Ryan Forrest
|
0-0: Ball 1-0: DOUBLE (Flyball, 8RD)
|
Batting: RHB Mike Taylor
|
0-0: Called Strike 0-1: DOUBLE (Flyball, 8LXD) Ryan Forrest scores
|
Pitching: RHP Ánibal Rivera
|
|
Batting: RHB Jean Chamissa
|
0-0: Ball 1-0: Ball 2-0: Ground out 5-3 (Groundball, 56)
|
Batting: RHB John Thompson
|
0-0: Ball 1-0: Ball 2-0: Ball 3-0: Called Strike 3-1: Base on Balls
|
Batting: LHB Cisco Padilla
|
0-0: Ball 1-0: Called Strike 1-1: Ball 2-1: Foul Ball, location: 2F 2-2: Strikes out swinging
|
Batting: RHB George St. Clair
|
0-0: Foul Ball, location: 2F 0-1: Ball 1-1: Ball 2-1: Ball 3-1: Base on Balls Mike Taylor to third John Thompson to second
|
Batting: RHB Steve Hilburn
|
0-0: Called Strike 0-1: Ball 1-1: Swinging Strike 1-2: Strikes out swinging
|
Top of the 6th over - 1 run, 2 hits, 0 errors, 3 left on base; Pure Michigan 5 - Brinkley 6 |
BOTTOM OF THE 6TH |
Brinkley Belugas batting - Pitching for Pure Michigan Great Lakers : RHP José Juárez
|
Batting: RHB Apu Nahasapeemapetilon
|
0-0: Called Strike 0-1: Ground out U3 (Groundball, 34)
|
Batting: RHB Reggie Kahn
|
0-0: Ball 1-0: Foul Ball, location: 2F 1-1: Called Strike 1-2: Foul Ball, location: 2F 1-2: Ball 2-2: SINGLE (Flyball, 89S)
|
Pitching: RHP Joseph Merle
|
|
Batting: RHB Danilo Mosca
|
0-0: Ball 1-0: Called Strike 1-1: Ball 2-1: Foul Ball, location: 2F 2-2: Foul Ball, location: 2F 2-2: Fly out, F8 (Flyball, 8RM)
|
Batting: LHB Marcos Deleón
|
0-0: Called Strike 0-1: Called Strike 0-2: Strikes out swinging
|
Bottom of the 6th over - 0 runs, 1 hit, 0 errors, 1 left on base; Pure Michigan 5 - Brinkley 6 |
TOP OF THE 7TH |
Pure Michigan Great Lakers batting - Pitching for Brinkley Belugas : RHP Ánibal Rivera
|
Now at SS: Jason Bringle
|
|
Batting: RHB Zong-yuan Fung
|
0-0: Foul Ball, location: 2F 0-1: Foul Ball, location: 2F 0-2: Ball 1-2: Strikes out swinging
|
Batting: RHB Martín Alejadre
|
0-0: Called Strike 0-1: Ball 1-1: Called Strike 1-2: Ball 2-2: Foul Ball, location: 2F 2-2: Strikes out swinging
|
Batting: SHB Ryan Forrest
|
0-0: Ball 1-0: SINGLE (Line Drive, 34)
|
Batting: RHB Mike Taylor
|
0-0: Ball 1-0: Ball 2-0: Foul Ball, location: 2F 2-1: Ball 3-1: Base on Balls Ryan Forrest to second
|
Batting: RHB Jean Chamissa
|
0-0: Ball 1-0: SINGLE (Groundball, 56D) Ryan Forrest to third Mike Taylor to second Runner from 3rd tries for Home, SAFE, no throw
|
Batting: RHB John Thompson
|
0-0: Ball 1-0: Ball 2-0: Foul Ball, location: 2F 2-1: Fielders Choice at 2nd, 5-4 (Groundball, 56)
|
Top of the 7th over - 1 run, 2 hits, 0 errors, 2 left on base; Pure Michigan 6 - Brinkley 6 |
BOTTOM OF THE 7TH |
Brinkley Belugas batting - Pitching for Pure Michigan Great Lakers : RHP Joseph Merle
|
Batting: LHB Víctor Fortis
|
0-0: Called Strike 0-1: Fly out, F7 (Flyball, 7LMF)
|
Batting: RHB Rubén Campos
|
0-0: Ball 1-0: Ball 2-0: SINGLE (Groundball, 6MD)
|
Batting: RHB Wu-shiun Wang
|
0-0: Fly out, F9 (Line Drive, 9)
|
Batting: RHB Leo Cadden
|
0-0: Ball 1-0: Ball 2-0: Ball 3-0: Base on Balls Rubén Campos to second
|
Batting: RHB Brandon Cole
|
0-0: Ball 1-0: Ball 2-0: Called Strike 2-1: Called Strike 2-2: Fly out, F8 (Line Drive, 8LD)
|
Bottom of the 7th over - 0 runs, 1 hit, 0 errors, 2 left on base; Pure Michigan 6 - Brinkley 6 |
TOP OF THE 8TH |
Pure Michigan Great Lakers batting - Pitching for Brinkley Belugas : RHP Ánibal Rivera
|
Batting: LHB Cisco Padilla
|
0-0: Ball 1-0: Foul Ball, location: 2F 1-1: Ball 2-1: Called Strike 2-2: Strikes out swinging
|
Batting: RHB George St. Clair
|
0-0: Called Strike 0-1: Ground out U3 (Groundball, 34S)
|
Batting: RHB Steve Hilburn
|
0-0: Ball 1-0: Swinging Strike 1-1: Ball 2-1: Swinging Strike 2-2: Strikes out swinging
|
Top of the 8th over - 0 runs, 0 hits, 0 errors, 0 left on base; Pure Michigan 6 - Brinkley 6 |
BOTTOM OF THE 8TH |
Brinkley Belugas batting - Pitching for Pure Michigan Great Lakers : RHP Joseph Merle
|
Batting: RHB Apu Nahasapeemapetilon
|
0-0: Called Strike 0-1: Ball 1-1: Foul Ball, location: 2F 1-2: Fly out, F4 (Popup, 4M)
|
Batting: RHB Reggie Kahn
|
0-0: Ball 1-0: Called Strike 1-1: Called Strike 1-2: Ball 2-2: Foul Ball, location: 2F 2-2: Foul Ball, location: 2F 2-2: Ball 3-2: Foul Ball, location: 2F 3-2: Ground out 6-3 (Groundball, 56)
|
Pinch Hitting: LHB Mario Nieves
|
0-0: Fly out, F7 (Flyball, 7LMF)
|
Bottom of the 8th over - 0 runs, 0 hits, 0 errors, 0 left on base; Pure Michigan 6 - Brinkley 6 |
TOP OF THE 9TH |
Pure Michigan Great Lakers batting - Pitching for Brinkley Belugas : RHP Ánibal Rivera
|
Now at SS: Parker Smith
|
|
Batting: RHB Zong-yuan Fung
|
0-0: Ball 1-0: Called Strike 1-1: Swinging Strike 1-2: SINGLE (Line Drive, 8LS)
|
Pitching: LHP Don Teehan
|
|
Batting: RHB Martín Alejadre
|
0-0: Ball 1-0: Called Strike 1-1: Fly out, F3 (Line Drive, 34S)
|
Pinch Hitting: RHB Lorenzo Ruíz
|
0-0: 2-RUN HOME RUN (Flyball, 7LD), Distance : 342 ft
|
Batting: RHB Mike Taylor
|
0-0: Called Strike 0-1: Ball 1-1: Ball 2-1: Ball 3-1: Base on Balls
|
Batting: RHB Jean Chamissa
|
0-0: Ball 1-0: Swinging Strike 1-1: Called Strike 1-2: Strikes out looking
|
Batting: RHB John Thompson
|
0-0: Foul Ball, location: 2F 0-1: Ball 1-1: Foul Ball, location: 2F 1-2: Ground out 4-3 (Groundball, 34)
|
Top of the 9th over - 2 runs, 2 hits, 0 errors, 1 left on base; Pure Michigan 8 - Brinkley 6 |
BOTTOM OF THE 9TH |
Brinkley Belugas batting - Pitching for Pure Michigan Great Lakers : RHP Joseph Merle
|
Pitching: RHP José López
|
|
Now in LF: José Bravo
|
|
Batting: LHB Marcos Deleón
|
0-0: Called Strike 0-1: Ball 1-1: Ball 2-1: Ball 3-1: Base on Balls
|
Batting: LHB Víctor Fortis
|
0-0: Called Strike 0-1: Ball 1-1: Ground out 6-3 (Groundball, 4MD) Marcos Deleón to second
|
Batting: RHB Rubén Campos
|
0-0: Ball 1-0: Ball Balk! Marcos Deleón to third 2-0: Foul Ball, location: 2F 2-1: SINGLE (Groundball, 6MD) Marcos Deleón scores
|
Batting: RHB Wu-shiun Wang
|
0-0: Ball 1-0: Called Strike 1-1: Fly out, F9 (Flyball, 9S)
|
Batting: RHB Leo Cadden
|
0-0: Ball 1-0: Swinging Strike 1-1: Swinging Strike 1-2: Ball 2-2: Fly out, F4 (Popup, 4MD)
|
Bottom of the 9th over - 1 run, 1 hit, 0 errors, 1 left on base; Pure Michigan 8 - Brinkley 7 |
|